 Dungeon Crawl Stone Soup version 0.28.0-53-g5a82cb258f (webtiles) character file.

Game seed: 16812967538056551119

67 tizbic2 the Cudgeller (level 4, -1/51 HPs)
             Began as a Demonspawn Gladiator on Aug 5, 2022.
             Slain by Sigmund
             ... wielding a +0 scythe
              (8 damage)
             ... on level 2 of the Dungeon.
             The game lasted 00:05:11 (1200 turns).

tizbic2 the Cudgeller (Demonspawn Gladiator)        Turns: 1200, Time: 00:05:12

Health: -1/51      AC: 22    Str: 14    XL:     4   Next: 0%
Magic:  4/4        EV:  2    Int: 12    God:
Gold:   54         SH:  0    Dex: 14    Spells: 3/3 levels left

rFire   . . .      SeeInvis .   a - +2 mace (protect)
rCold   . . .      Faith    .   (no shield)
rNeg    . . .      Spirit   .   (armour currently unavailable)
rPois   +          Reflect  .   (helmet currently unavailable)
rElec   .          Harm     .   (cloak currently unavailable)
rCorr   .          Rampage  .   (gloves currently unavailable)
Will    .....      NoTele   +   (boots currently unavailable)
Stlth   +.........              (no amulet)
HPRegen 0.17/turn               (no ring)
MPRegen 0.09/turn               (no ring)

@: tree-form, attractive
A: stationary, stasis, torment immunity, boosted hp, (large bone plates 1),
ignite blood 1, demonic magic 1
a: no special abilities


You were on level 2 of the Dungeon.
You were a tree.
You visited 1 branch of the dungeon, and saw 2 of its levels.

You collected 54 gold pieces.

Inventory:

Hand Weapons
 a - a +2 mace of protection (weapon)
 w - a +1 short sword of venom
Missiles
 d - 3 throwing nets
 e - 103 stones (quivered)
 h - 33 bolts
Armour
 b - a +0 leather armour (melded)
 c - a +0 helmet (melded)
Magical Staves
 k - a staff of death
Scrolls
 g - a scroll of enchant weapon {unknown}
 j - 3 scrolls of identify {unknown}
 m - a scroll of magic mapping {unknown}
 n - a scroll of brand weapon {unknown}
 o - a scroll of noise {unknown}
Potions
 l - a potion of ambrosia {unknown}


   Skills:
 + Level 2.5 Fighting
 + Level 3.3(3.4) Maces & Flails
 * Level 0.8(2.2) Staves
 + Level 2.3 Throwing
 - Level 2.6 Dodging
 * Level 1.4 Necromancy


You had 3 spell levels left.
You didn't know any spells.
Your spell library was empty.

Dungeon Overview and Level Annotations

Branches:
Dungeon (2/15)

Altars:

Annotations:
D:2 Sigmund


Innate Abilities, Weirdness & Mutations

You are a tree.
Your roots penetrate the ground, keeping you stationary.
You cannot be teleported.
You are immune to unholy pain and torment.
Your maximum health is greatly increased.
Your equipment is partially melded.
((You are partially covered in large bone plates. (SH +4)))
Your demonic aura sometimes causes spilled blood to erupt in flames.
Spells you cast may paralyse adjacent enemies.


Message History

Hit: w) +1 short sword (venom)
Press: ? - help, Dir - move target You hit something.
Something hits you but does no damage.
Hit: w) +1 short sword (venom)
Press: ? - help, Dir - move target You completely miss something.
Hit: w) +1 short sword (venom)
Press: ? - help, Dir - move target You barely miss something.
Something hits you!
* * * LOW HITPOINT WARNING * * *
Hit: w) +1 short sword (venom)
Press: ? - help, Dir - move target You miss something.
Something hits you but does no damage.
Hit: w) +1 short sword (venom)
Press: ? - help, Dir - move target You hit something.
Hit: w) +1 short sword (venom)
Press: ? - help, Dir - move target You hit something but do no damage.
You hear some strange, mumbled words.
You are confused.
Something hits you but does no damage.
Your +1 short sword of venom stops dripping with poison.
Your +2 mace of protection hums with potential!
a - a +2 mace of protection (weapon)
You attack the rock wall.
Something hits you but does no damage.
You cannot move. (Use ctrl+direction or * direction to attack without moving.)
You nearly hit yourself!
Something hits you but does no damage.
You attack the rock wall.
Something hits you but does no damage.
You feel less confused. Something hits you!
* * * LOW HITPOINT WARNING * * *
Hit: a) +2 mace (protect)
Press: ? - help, Dir - move target You closely miss something.
Something hits you but does no damage.
Hit: a) +2 mace (protect)
Press: ? - help, Dir - move target You miss something.
Something hits you!
You die...

#.........# #...#
#.#.# #.# # #.#
#.# .. #†# .. #{#.
### .#
#♣##.####....#####
#†# ....#.##......
#.#####..>#.......
#.##............##
#.#..# #.<........
####.#.##
#.#.......#
##.......#
#.##.......
##........# #.
#.......
#.........##..
##.)....


There were no monsters in sight!

Vanquished Creatures
  3 adders (D:2)
  3 dart slugs
  2 endoplasms
  3 giant cockroaches (D:1)
  4 goblins
  2 hobgoblins
  3 quokkas (D:1)
  A ball python (D:1)
  5 bats
  4 frilled lizards
  5 kobolds
  A rat (D:1)
36 creatures vanquished.

Vanquished Creatures (others)
  11 plants (D:1)
11 creatures vanquished.

Grand Total: 47 creatures vanquished

Notes
Turn   | Place    | Note
-------+----------+-------------------------------------------
     0 | D:1      | tizbic2 the Demonspawn Gladiator began the quest for the
                  | Orb.
     0 | D:1      | Reached XP level 1. HP: 16/16 MP: 1/1
   474 | D:1      | Reached skill level 3 in Maces & Flails
   474 | D:1      | Gained mutation: You are partially covered in large bone
                  | plates. (SH +4) [demonic ancestry]
   474 | D:1      | Reached XP level 2. HP: 18/22 MP: 2/2
   940 | D:1      | Gained mutation: Your demonic aura sometimes causes spilled
                  | blood to erupt in flames. [demonic ancestry]
   940 | D:1      | Reached XP level 3. HP: 28/28 MP: 3/3
  1107 | D:2      | Reached skill level 1 in Necromancy
  1165 | D:2      | Noticed Sigmund
  1181 | D:2      | Gained mutation: Spells you cast may paralyse adjacent
                  | enemies. [demonic ancestry]
  1181 | D:2      | Reached XP level 4. HP: 18/34 MP: 4/4
  1200 | D:2      | Slain by Sigmund

Illustrated notes

Levels and vault maps discovered:
D:1:      roderic_crop_circles_arrival_small, layout_loops_cross
D:2:      layout_rooms, ebering_ecumenical_altar_box, chequers_jeans,
          minmay_tetromino_s4, uniq_sigmund, uniq_crazy_yiuf_cottage

Skill      XL: |  1  2  3 |
---------------+----------+-----
Maces & Flails | 3 |  3.3
Throwing       | 2 |  2.3
Necromancy     | 1 |  1.4
Fighting       | |  2.5
Staves         | |  0.8
Dodging        | |  2.6

Action                   |  1- 3 |  4- 6 || total
-------------------------+-------+-------++-------
Melee: Flail             |    19 |       ||    19
       Mace              |    66 |     2 ||    68
       Punch             |     2 |       ||     2
       Short sword       |    33 |     9 ||    42
Throw: Stone             |    15 |       ||    15
  Use: Potion            |       |     2 ||     2
Armor: Leather armour    |    32 |       ||    32
       Skin              |       |    10 ||    10
Dodge: Dodged            |    62 |       ||    62
Block: Other             |    15 |       ||    15
